 Dungeon Crawl Stone Soup version 0.24-a0-441-g27f0392e16 (webtiles) character file.

Game seed: 10648342683879344269

753 HAL9000 the Transmogrifier (level 7, -1/52 HPs)
             Began as a White Draconian Transmuter on June 20, 2019.
             Slain by an ice beast (6 damage)
             ... on level 5 of the Dungeon.
             The game lasted 00:09:51 (4904 turns).

HAL9000 the Transmogrifier (DrTm)                   Turns: 4904, Time: 00:09:52

Health: -1/52      AC:  2    Str: 12    XL:     7   Next: 49%
Magic:  7/10       EV: 19    Int: 15    God:
Gold:   232        SH:  0    Dex: 17    Spells: 4/10 levels left

rFire    . . .     SeeInvis .     - Unarmed
rCold    . . .     Gourm    .   (shield currently unavailable)
rNeg     + . .     Faith    .   (armour unavailable)
rPois    x         Spirit   .   (helmet currently unavailable)
rElec    .         Reflect  .   (cloak currently unavailable)
rCorr    .         Harm     .   (gloves currently unavailable)
MR       .....                  (boots currently unavailable)
Stlth    ++........             n - amulet of regeneration
HPRegen  0.57/turn              q - ring of positive energy
MPRegen  0.12/turn              (no ring)

@: spider-form
A: tiny, (breathe frost), unfitting armour, AC +6
a: End Transformation


You were on level 5 of the Dungeon.
You were not hungry.
You were a venomous arachnid creature.
You visited 1 branch of the dungeon, and saw 5 of its levels.

You collected 232 gold pieces.

Inventory:

Hand Weapons
 i - a +1 dagger of venom
Missiles
 a - 79 arrows
 t - 4 curare-tipped darts (quivered)
 w - 2 throwing nets
Jewellery
 d - an uncursed amulet of rage
 n - an amulet of regeneration (around neck)
 q - a ring of positive energy (left front leg)
 v - an uncursed amulet of faith
Wands
 p - a wand of flame (13)
 C - a wand of disintegration (10)
Scrolls
 b - a scroll of enchant armour {unknown}
 f - a scroll of random uselessness {unknown}
 j - 2 scrolls of fear
 l - 2 scrolls of enchant weapon {unknown}
 m - a scroll of teleportation {unknown}
 y - 2 scrolls of immolation {unknown}
 z - a scroll of remove curse {unknown}
 A - a scroll of fog {unknown}
 B - 2 scrolls of identify
Potions
 e - 2 potions of haste
 h - a potion of lignification {unknown}
 k - a potion of ambrosia {unknown}
 o - 2 potions of curing {unknown}
 r - a potion of cancellation {unknown}
 s - a potion of brilliance {unknown}
 u - 2 potions of mutation {unknown}
 x - a potion of magic {unknown}
Comestibles
 c - 12 rations


   Skills:
 - Level 1.1 Fighting
 - Level 1.7 Dodging
 - Level 4.2 Unarmed Combat
 - Level 2.0 Spellcasting
 + Level 8.0 Transmutations


You had 4 spell levels left.
You knew the following spells:

 Your Spells              Type           Power        Failure   Level  Hunger
a - Beastly Appendage     Tmut           ####..       4%          1    #......
b - Sticks to Snakes      Tmut           ####....     6%          2    ###....
c - Spider Form           Tmut/Pois      ##........   30%         3    ###....

Your spell library contained the following spells:

 Spells                   Type           Power        Failure   Level  Hunger
 Ice Form                 Ice/Tmut       ##......     61%         4    #####..
 Blade Hands              Tmut           ####......   43%         5    ######.


Dungeon Overview and Level Annotations

Branches:
Dungeon (5/15)
 Temple: D:4-7

Altars:
Cheibriados
Kikubaaqudgha
Qazlal
Trog
Xom
Yredelemnul
The Shining One


Innate Abilities, Weirdness & Mutations

((You can breathe waves of freezing cold.))
((You can buffet flying creatures when you breathe cold.))
((Your icy white scales are hard. (AC +6)))
You cannot fit into any form of body armour.
((Your flesh is cold resistant. (rC+)))
((You are cold-blooded and may be slowed by cold attacks.))


Message History

The ice beast closely misses you.
Casting: Beastly Appendage (safe; 1% risk of failure)
Confirm with . or Enter, or press ? or * to list all spells.
You turn into a venomous arachnid creature.
The ice beast barely misses you.
Unknown command.
You hit the ice beast but do no damage.
The ice beast is heavily wounded.
The ice beast hits you. The ice beast freezes you!
You hit the ice beast but do no damage.
The ice beast is poisoned.
The ice beast is heavily wounded.
The ice beast hits you. The ice beast freezes you!
* * * LOW HITPOINT WARNING * * *
Unknown command.
You barely miss the ice beast.
The ice beast is heavily wounded.
The ice beast hits you.
* * * LOW HITPOINT WARNING * * *
The ice beast freezes you.
You die...

#.......##.#.#
#########.###...##.#.#
#.........# #...##.#.#
#.#######.....####.#.#
####.............#
#.#.#
.....########...##
#.#.# ####.# #.##
#>#.# #.# #.######.#.#
# #.# #.Ys.......# #
#.# #####.##.### .#
#.# #.#### #.##.# #.#
.# .# #.# # #.# #.# #
#.# # #.#


You could see an ice beast.

Vanquished Creatures
  Dowan (D:5)
  A scorpion (D:5)
  A bullfrog skeleton (D:5)
  A bullfrog zombie (D:5)
  A gnoll shaman (D:3)
  Jessica (D:3)
  A centaur skeleton (D:5)
  5 worker ants
  4 gnolls
  7 adders
  2 oozes
  5 worms
  4 leopard geckos
  9 orcs
  2 ball pythons
  6 giant cockroaches
  4 goblins
  5 hobgoblins
  5 jackals
  2 quokkas (D:3)
  10 bats
  8 frilled lizards
  9 kobolds
  A leopard gecko zombie (D:5)
  7 rats
102 creatures vanquished.

Vanquished Creatures (collateral kills)
  A phantom (D:4)
  A gnoll (D:4)
  An adder (D:3)
  A worm (D:2)
  A bat (D:2)
5 creatures vanquished.

Vanquished Creatures (others)
  Duvessa (D:5)
1 creature vanquished.

Grand Total: 108 creatures vanquished

Notes
Turn   | Place    | Note
-------+----------+-------------------------------------------
     0 | D:1      | HAL9000 the Draconian Transmuter began the quest for the
                  | Orb.
     0 | D:1      | Reached XP level 1. HP: 16/16 MP: 3/3
   404 | D:1      | Reached XP level 2. HP: 23/23 MP: 3/5
   920 | D:1      | Reached XP level 3. HP: 26/28 MP: 6/6
  1518 | D:1      | Learned a level 2 spell: Sticks to Snakes
  1898 | D:2      | Found a shimmering altar of Xom.
  1906 | D:2      | Found a shimmering altar of Xom.
  1906 | D:2      | Found a shimmering altar of Xom.
  2264 | D:2      | Reached skill level 3 in Transmutations
  2264 | D:2      | Reached XP level 4. HP: 25/35 MP: 7/7
  2460 | D:3      | Noticed Jessica
  2479 | D:3      | Killed Jessica
  2676 | D:3      | Found a glowing golden altar of the Shining One.
  2679 | D:3      | Found a stormy altar of Qazlal.
  2697 | D:3      | Reached skill level 4 in Transmutations
  2927 | D:3      | Reached XP level 5. HP: 36/40 MP: 6/8
  2955 | D:3      | Learned a level 3 spell: Spider Form
  3343 | D:4      | Noticed a phantom
  3428 | D:4      | Killed a phantom
  3428 | D:4      | Reached skill level 5 in Transmutations
  3428 | D:4      | Reached XP level 6. HP: 28/47 MP: 1/9
  3907 | D:4      | Found an ancient bone altar of Kikubaaqudgha.
  3963 | D:4      | Reached skill level 6 in Transmutations
  4080 | D:4      | Found a snail-covered altar of Cheibriados.
  4364 | D:4      | Found a bloodstained altar of Trog.
  4406 | D:5      | Entered Level 5 of the Dungeon
  4457 | D:5      | Found a basalt altar of Yredelemnul.
  4475 | D:5      | Noticed an ice beast
  4555 | D:5      | Noticed Duvessa
  4555 | D:5      | Noticed Dowan
  4565 | D:5      | Killed Duvessa
  4565 | D:5      | Reached skill level 7 in Transmutations
  4565 | D:5      | Your scales start taking on an icy white colour.
  4565 | D:5      | Reached XP level 7. HP: 31/52 MP: 6/10
  4565 | D:5      | Gained mutation: Your flesh is cold resistant. (rC+) [White
                  | Draconian growth]
  4586 | D:5      | Killed Dowan
  4847 | D:5      | Reached skill level 8 in Transmutations
  4904 | D:5      | Slain by an ice beast

Levels and vault maps discovered:
D:1:      eino_arrival_cavern_e, layout_loops_ring, grunt_decor_cap
D:2:      layout_rooms, xom_redecorated, roderic_lattice_a, st_stairs_9
D:3:      layout_rooms, chequers_temple_overflow_statue_of_worship,
          due_unseen_surprise, uniq_jessica
D:4:      layout_rooms, marbit_many_paths, lightli_temple_of_fire,
          kennysheep_little_box
D:5:      layout_loops_ring, yredelemnul_altar_generic, first_ration,
          portal_sewer_entry_a, uniq_duvessa

Skill      XL: |  1  2  3  4  5  6  7 |
---------------+----------------------+-----
Unarmed Combat | 4 |  4.2
Transmutations | 3 4 5 7 8 |  8.0
Fighting       | |  1.1
Dodging        | |  1.7
Spellcasting   | |  2.0

Action                   |  1- 3 |  4- 6 |  7- 9 || total
-------------------------+-------+-------+-------++-------
Melee: Unarmed           |   157 |   266 |    58 ||   481
       Tailslap          |    14 |    27 |    10 ||    51
       Kick              |     5 |     3 |       ||     8
       Punch             |     1 |     6 |     2 ||     9
       Headbutt          |     6 |    14 |     5 ||    25
 Cast: Beastly Appendage |    12 |    16 |     1 ||    29
       Sticks to Snakes  |     2 |    13 |       ||    15
       Spider Form       |       |     3 |     2 ||     5
 Abil: Breathe Frost     |       |       |     1 ||     1
  Use: Scroll            |       |     3 |       ||     3
 Stab: Sleeping          |       |       |     1 ||     1
  Eat: Chunk             |     5 |     9 |     2 ||    16
Armor: Skin              |    57 |    63 |    15 ||   135
Dodge: Dodged            |   113 |   179 |    28 ||   320

Table legend:
 A = Non-vault XP
 B = Vault XP
 C = Vault XP percentage of total XP
 D = Non-vault monster count
 E = Vault monster count
 F = Vault count percentage of total count
                 A         B        C        D         E       F
            +---------+---------+-------+---------+---------+-------
      Total |     804 |     273 |  25.3 |     102 |       6 |   5.6
            +---------+---------+-------+---------+---------+-------
        D:1 |      53 |       0 |   0.0 |      31 |       0 |   0.0
        D:2 |      41 |       6 |  12.8 |      16 |       2 |  11.1
        D:3 |     128 |      35 |  21.5 |      24 |       1 |   4.0
        D:4 |     314 |      12 |   3.7 |      22 |       1 |   4.3
        D:5 |     268 |     220 |  45.1 |       9 |       2 |  18.2
            +---------+---------+-------+---------+---------+-------
